 Dungeon Crawl Stone Soup version 0.29.0-4-gdea44cf6ec (webtiles) character file.

Game seed: 9560038340386166448

2069 qw the Cleaver (level 9, -5/54 HPs)
             Began as a Tengu Warper on Aug 28, 2022.
             Slain by an orc warrior
             ... wielding a +0 battleaxe
              (15 damage)
             ... on level 6 of the Dungeon.
             The game lasted 00:00:37 (5489 turns).

qw the Cleaver (Tengu Warper)                       Turns: 5489, Time: 00:00:38

Health: -5/54      AC: 14    Str: 13 (16) XL:     9   Next: 26%
Magic:  13/13      EV:  7    Int: 10 (13) God:
Gold:   164        SH:  4    Dex: 12 (14) Spells: 12/12 levels left

rFire   . . .      SeeInvis .   Y - +2 war axe (flame)
rCold   + . .      Faith    .   s - +0 buckler
rNeg    . . .      Spirit   .   a - +0 chain mail
rPois   +          Reflect  .   b - +2 hat
rElec   .          Harm     .   (no cloak)
rCorr   .          Rampage  .   j - +2 pair of gloves
Will    .....                   (boots unavailable)
Stlth   ..........              (no amulet)
HPRegen 0.18/turn               c - ring of poison resistance
MPRegen 0.13/turn               r - ring of protection from cold

@: about to teleport, flying quickly and evasively, quick
A: beak, talons 3, nimble flight
a: no special abilities


You were on level 6 of the Dungeon.
You visited 1 branch of the dungeon, and saw 6 of its levels.
You also visited: Ossuary.

You collected 214 gold pieces.
You spent 50 gold pieces at shops.


Innate Abilities, Weirdness & Mutations

You have a beak for a mouth.
You have claws for feet.
Your magical nature lets you fly swiftly and evasively.


   Skills:
 - Level 5.1 Fighting
 + Level 10.4 Axes
 - Level 1.0 Throwing
 - Level 4.2 Armour
 - Level 3.0 Dodging
 - Level 3.2 Shields
 - Level 2.0 Spellcasting
 - Level 2.4 Translocations


You had 12 spell levels left.
You didn't know any spells.
Your spell library contained the following spells:

 Spells                   Type           Power      Damage    Failure   Level
 Blink                    Tloc           10%        N/A       100%        2
 Gell's Gravitas          Tloc           5%         N/A       100%        3
 Lesser Beckoning         Tloc           5%         N/A       100%        3
 Teleport Other           Tloc           5%         N/A       100%        3
 Manifold Assault         Tloc           5%         N/A       100%        5

Inventory:

Hand Weapons
 Y - a +2 war axe of flaming (weapon)
Armour
 a - a +0 chain mail (worn)
 b - a +2 hat (worn)
 j - a +2 pair of gloves (worn)
 s - a +0 buckler (worn)
Jewellery
 c - a ring of poison resistance (left hand)
 i - a ring of positive energy
 p - a ring of willpower
 r - a ring of protection from cold (right hand)
Scrolls
 l - a scroll of teleportation
 m - 2 scrolls of identify
Potions
 d - 4 potions of curing
 e - 4 potions of haste
 k - a potion of mutation
 o - a potion of might

Dungeon Overview and Level Annotations

Branches:
Dungeon (7/15)            Ossuary (visited)
 Temple: D:4-7

Altars:
Trog
Zin

Shops:
D:2 !

Annotations:
D:6 Pikel


Message History

The lemure barely misses you.
You hit the lemure but do no damage. Your kick misses the lemure.
Your peck misses the lemure.
The lemure is moderately wounded.
The lemure hits you.
You barely miss the lemure. You claw the lemure.
The lemure is heavily wounded.
You block the lemure's attack.
You slash the lemure! You burn the lemure.
You kill the lemure!
That felt strangely unrewarding.
You slash the orc! You burn the orc.
You kill the orc!
You hit the orc. You burn the orc.
The orc is heavily wounded.
The orc hits you but does no damage.
You hit the orc. You burn the orc.
You kill the orc!
You closely miss the orc warrior.
You claw the orc warrior, but do no damage.
The orc warrior barely misses you.
You hit the orc warrior. You burn the orc warrior.
You claw the orc warrior, but do no damage.
The orc warrior is lightly wounded.
The orc warrior barely misses you.
You slash the orc warrior! You burn the orc warrior. You claw the orc warrior.
The orc warrior is almost dead.
The orc warrior hits you with a +0 battleaxe!
You barely miss the orc warrior. Your kick misses the orc warrior.
Your peck misses the orc warrior.
The orc warrior is almost dead.
The orc warrior hits you with a +0 battleaxe!
5488 ||| READING 2 scrolls of teleportation.
As you read the scroll of teleportation, it crumbles to dust.
You feel strangely unstable. You block the orc warrior's attack.
You hit the orc warrior but do no damage.
The orc warrior is severely wounded.
The orc warrior hits you with a +0 battleaxe!
You die...

#........#
#[.......###
#..........#
#........#.#######.
#####.#............
###.#...#'#...###
#.>.....#.# ..#
###...###.###.######
#.#.+....@o.......
#.#.###.###.......
#.#.. #.# .......
#.#...#+# .......
....... .......
.....>..# #......
.......... 5.....
#.....#.. o5....
###.######


You could see an orc warrior.

Vanquished Creatures
  Prince Ribbit (D:7)
  Sigmund (D:2)
  A wyvern (D:7)
  A water moccasin (D:7)
  An ogre (D:7)
  4 lemures (D:6)
  A bullfrog (D:7)
  8 scorpions
  2 necrophages
  5 centaur zombies (Ossuary)
  A human zombie (Ossuary)
  A jelly (D:4)
  4 orc priests
  4 orc wizards
  2 scorpion zombies (Ossuary)
  3 mummies (Ossuary)
  Robin (D:4)
  5 adders
  2 gnolls (D:3)
  2 dart slugs
  23 orcs
  7 ball pythons
  12 endoplasms
  4 giant cockroaches
  2 gnoll zombies (Ossuary)
  15 goblins
  8 hobgoblins
  3 jackals (D:1)
  6 quokkas
  6 bats
  2 frilled lizards (D:1)
  3 goblin zombies (Ossuary)
  3 hobgoblin zombies (Ossuary)
  10 kobolds
  2 kobold zombies (Ossuary)
  2 orc zombies (Ossuary)
  3 rats
161 creatures vanquished.

Vanquished Creatures (others)
  An orc (D:6)
1 creature vanquished.

Grand Total: 162 creatures vanquished

Notes
Turn   | Place    | Note
-------+----------+-------------------------------------------
     0 | D:1      | qw the Tengu Warper began the quest for the Orb.
     0 | D:1      | Reached XP level 1. HP: 12/12 MP: 4/4
     0 | D:1      | 0 ||| qw: Version: 0.1-a-89-g26bdef1
     0 | D:1      | 0 ||| qw: Game counter: 2229
     0 | D:1      | 0 ||| qw: Always use a shield: true
     0 | D:1      | 0 ||| qw: God list: Okawaru
     0 | D:1      | 0 ||| qw: Allow faded altars: false
     0 | D:1      | 0 ||| qw: Do Orc after D:15 true
     0 | D:1      | 0 ||| qw: Do second Lair branch before Depths: true
     0 | D:1      | 0 ||| qw: Lair rune preference: random
     0 | D:1      | 0 ||| qw: Plans: Normal
     0 | D:1      | 0 ||| PLANNING D:1-11
    41 | D:1      | 41 ||| Stepping ~*~*~tactically~*~*~ (stealth).
    43 | D:1      | 43 ||| Stepping ~*~*~tactically~*~*~ (stealth).
    57 | D:1      | HP: 1/12 [goblin/+0 club (4)]
   344 | D:1      | 344 ||| Stepping ~*~*~tactically~*~*~ (stealth).
   346 | D:1      | 346 ||| Stepping ~*~*~tactically~*~*~ (stealth).
   348 | D:1      | Reached XP level 2. HP: 15/17 MP: 6/6
   350 | D:1      | Reached skill level 3 in Axes
   490 | D:1      | Found a faded altar of an unknown god.
   682 | D:1      | 682 ||| Stepping ~*~*~tactically~*~*~ (water).
  1103 | D:1      | Reached XP level 3. HP: 21/21 MP: 7/7
  1269 | D:1      | 1269 ||| UPGRADING to +0 ring mail.
  1279 | D:1      | 1279 ||| DROPPING +0 leather armour.
  1280 | D:1      | 1280 ||| UPGRADING to +2 pair of gloves.
  1285 | D:1      | 1285 ||| READING scroll labelled REACOGO ZINE.
  1286 | D:1      | 1286 ||| READING scroll labelled MITOXO QUOT AWN.
  1387 | D:1      | 1387 ||| READING 3 scrolls labelled KAACOI URIRPHIF.
  1388 | D:1      | 1388 ||| DRINKING 2 golden potions.
  1389 | D:1      | 1389 ||| READING 2 scrolls of identify.
  1389 | D:1      | 1389 ||| IDENTIFYING metallic blue potion
  1390 | D:1      | 1390 ||| DROPPING scroll of blinking.
  1391 | D:1      | 1391 ||| DROPPING potion of brilliance.
  1400 | D:2      | 1400 ||| DROPPING +0 club.
  1489 | D:2      | Reached skill level 4 in Axes
  1547 | D:2      | 1547 ||| FLEEEEING.
  1548 | D:2      | 1548 ||| FLEEEEING.
  1549 | D:2      | 1549 ||| FLEEEEING.
  1550 | D:2      | 1550 ||| FLEEEEING.
  1551 | D:2      | 1551 ||| FLEEEEING.
  1552 | D:2      | 1552 ||| FLEEEEING.
  1553 | D:2      | 1553 ||| FLEEEEING.
  1554 | D:2      | 1554 ||| FLEEEEING.
  1555 | D:2      | 1555 ||| FLEEEEING.
  1555 | D:2      | Noticed Sigmund
  1556 | D:2      | 1556 ||| Stepping ~*~*~tactically~*~*~ (hiding).
  1567 | D:2      | Killed Sigmund
  1568 | D:2      | Reached skill level 6 in Axes
  1568 | D:2      | Reached XP level 4. HP: 19/26 MP: 8/8
  1568 | D:2      | Gained mutation: Your magical nature lets you fly swiftly
                  | and evasively. [Tengu growth]
  1568 | D:2      | Reached XP level 5. HP: 22/30 MP: 9/9
  1572 | D:2      | 1572 ||| FLEEEEING.
  1573 | D:2      | 1573 ||| FLEEEEING.
  1574 | D:2      | 1574 ||| FLEEEEING.
  1575 | D:2      | 1575 ||| FLEEEEING.
  1576 | D:2      | 1576 ||| FLEEEEING.
  1578 | D:2      | 1578 ||| FLEEEEING.
  1579 | D:2      | 1579 ||| FLEEEEING.
  1580 | D:2      | 1580 ||| FLEEEEING.
  1581 | D:2      | 1581 ||| FLEEEEING.
  1582 | D:2      | 1582 ||| FLEEEEING.
  1583 | D:2      | 1583 ||| FLEEEEING.
  1584 | D:2      | 1584 ||| FLEEEEING.
  1585 | D:2      | 1585 ||| FLEEEEING.
  1586 | D:2      | 1586 ||| FLEEEEING.
  1587 | D:2      | 1587 ||| FLEEEEING.
  1588 | D:2      | 1588 ||| FLEEEEING.
  1602 | D:2      | 1602 ||| FLEEEEING.
  1603 | D:2      | 1603 ||| FLEEEEING.
  1604 | D:2      | 1604 ||| FLEEEEING.
  1605 | D:2      | 1605 ||| FLEEEEING.
  1606 | D:2      | 1606 ||| FLEEEEING.
  1607 | D:2      | 1607 ||| FLEEEEING.
  1608 | D:2      | 1608 ||| FLEEEEING.
  1620 | D:2      | 1620 ||| FLEEEEING.
  1621 | D:2      | 1621 ||| STAIRDANCE
  1657 | D:1      | 1657 ||| UPGRADING to +2 hat.
  1722 | D:2      | Found Biump's Distillery.
  1751 | D:2      | 1751 ||| SHOPLISTING 2 potions of mutation (160 gold, have
                  | 77).
  1751 | D:2      | 1751 ||| SHOPLISTING potion of haste (100 gold, have 77).
  1751 | D:2      | 1751 ||| BUYING potion of heal wounds (50 gold).
  1751 | D:2      | Bought a potion of heal wounds for 50 gold pieces
  1751 | D:2      | 1751 ||| SHOPLISTING potion of heal wounds (50 gold, have
                  | 27).
  1751 | D:2      | 1751 ||| SHOPLISTING potion of might (40 gold, have 27).
  1751 | D:2      | 1751 ||| SHOPLISTING potion of mutation (80 gold, have 27).
  1867 | D:2      | 1867 ||| SWAPPING to +0 war axe.
  1868 | D:2      | 1868 ||| DROPPING +0 hand axe.
  2174 | D:2      | 2174 ||| UPGRADING to ring of poison resistance.
  2175 | D:2      | 2175 ||| UPGRADING to ring of positive energy.
  2176 | D:2      | 2176 ||| UPGRADING to ring of willpower.
  2178 | D:2      | 2178 ||| READING scroll labelled UPIMYG ACRUBISM.
  2179 | D:2      | 2179 ||| READING scroll labelled XOEFUTW IQULE.
  2316 | D:3      | Reached XP level 6. HP: 35/35 MP: 10/10
  2436 | D:3      | 2436 ||| SWAPPING to +2 war axe of flaming.
  2437 | D:3      | 2437 ||| DROPPING +0 whip.
  2438 | D:3      | 2438 ||| DROPPING +0 morningstar.
  2439 | D:3      | 2439 ||| DROPPING +0 war axe.
  2529 | D:3      | 2529 ||| Stepping ~*~*~tactically~*~*~ (stealth).
  2726 | D:3      | Reached skill level 7 in Axes
  3127 | D:3      | 3127 ||| UPGRADING to +0 chain mail.
  3137 | D:3      | 3137 ||| DROPPING +0 ring mail.
  3138 | D:3      | 3138 ||| UPGRADING to +0 buckler.
  3143 | D:3      | 3143 ||| UPGRADING to ring of protection from cold.
  3145 | D:3      | 3145 ||| READING scroll labelled SIEMOMAXUA.
  3149 | D:3      | 3149 ||| READING 2 scrolls of identify.
  3149 | D:3      | 3149 ||| IDENTIFYING sapphire potion
  3150 | D:3      | 3150 ||| DROPPING potion of invisibility.
  3170 | D:4      | 3170 ||| Stepping ~*~*~tactically~*~*~ (hiding).
  3288 | D:4      | Reached skill level 1 in Shields
  3342 | D:4      | 3342 ||| Stepping ~*~*~tactically~*~*~ (stealth).
  3359 | D:4      | Reached XP level 7. HP: 28/40 MP: 11/11
  3535 | D:4      | Found a bloodstained altar of Trog.
  3536 | D:4      | Found a glowing silver altar of Zin.
  3588 | D:4      | Reached skill level 3 in Fighting
  3682 | D:4      | 3682 ||| Stepping ~*~*~tactically~*~*~ (hiding).
  3688 | D:4      | Noticed Robin
  3690 | D:4      | 3690 ||| Stepping ~*~*~tactically~*~*~ (stealth).
  3696 | D:4      | Killed Robin
  3818 | D:4      | You are sucked into a shaft and drop 3 floors!
  3832 | D:7      | HP: 8/41 [ogre/+0 giant spiked club (8)]
  3833 | D:7      | 3833 ||| READING scroll of teleportation.
  3834 | D:7      | 3834 ||| DRINKING 2 potions of heal wounds.
  3834 | D:7      | HP: 1/41 [ogre/+0 giant spiked club (27)]
  3835 | D:7      | 3835 ||| DRINKING potion of heal wounds.
  3837 | D:7      | Reached skill level 8 in Axes
  3843 | D:7      | Reached skill level 3 in Armour
  3993 | D:7      | Noticed a wyvern
  4002 | D:7      | HP: 8/41 [wyvern (4)]
  4004 | D:7      | Killed a wyvern
  4005 | D:7      | Reached XP level 8. HP: 10/46 MP: 12/12
  4264 | D:7      | Noticed Prince Ribbit
  4277 | D:7      | Killed Prince Ribbit
  4278 | D:7      | Reached skill level 9 in Axes
  4351 | D:7      | 4351 ||| Stepping ~*~*~tactically~*~*~ (stealth).
  4355 | D:7      | 4355 ||| Stepping ~*~*~tactically~*~*~ (stealth).
  4693 | D:7      | 4693 ||| DRINKING 2 sedimented brown potions.
  4703 | D:6      | 4703 ||| PLANNING OSSUARY
  4723 | D:6      | Found a sand-covered staircase.
  4729 | Ossuary  | Entered an ossuary
  4790 | Ossuary  | Reached skill level 10 in Axes
  4875 | Ossuary  | Reached skill level 3 in Shields
  4948 | Ossuary  | Reached XP level 9. HP: 52/52 MP: 13/13
  4970 | Ossuary  | Reached skill level 3 in Dodging
  5018 | Ossuary  | 5018 ||| Stepping ~*~*~tactically~*~*~ (stealth).
  5195 | Ossuary  | 5195 ||| READING scroll labelled XYFEGR CING.
  5196 | Ossuary  | 5196 ||| READING scroll labelled CEMIYCY UDUDETZAZ.
  5197 | Ossuary  | 5197 ||| READING scroll labelled HEKHY VIREH.
  5198 | Ossuary  | 5198 ||| DRINKING 5 fuming blue potions.
  5199 | Ossuary  | 5199 ||| DRINKING 2 glowing purple potions.
  5200 | Ossuary  | 5200 ||| DRINKING 2 viscous ruby potions.
  5244 | Ossuary  | 5244 ||| DRINKING 2 glowing dark potions.
  5348 | Ossuary  | 5348 ||| READING 4 scrolls of identify.
  5348 | Ossuary  | 5348 ||| IDENTIFYING smoky silvery potion
  5349 | Ossuary  | 5349 ||| READING 3 scrolls of identify.
  5349 | Ossuary  | 5349 ||| IDENTIFYING amethyst potion
  5350 | Ossuary  | 5350 ||| DROPPING potion of degeneration.
  5351 | Ossuary  | 5351 ||| DROPPING potion of lignification.
  5352 | Ossuary  | 5352 ||| DROPPING potion of berserk rage.
  5353 | Ossuary  | 5353 ||| DROPPING potion of attraction.
  5407 | D:6      | 5407 ||| PLANNING D:1-11
  5410 | D:6      | Noticed Pikel
  5411 | D:6      | 5411 ||| Stepping ~*~*~tactically~*~*~ (stealth).
  5413 | D:6      | 5413 ||| Stepping ~*~*~tactically~*~*~ (stealth).
  5421 | D:6      | 5421 ||| Stepping ~*~*~tactically~*~*~ (stealth).
  5487 | D:6      | HP: 10/54 [orc warrior/+0 battleaxe (17)]
  5488 | D:6      | 5488 ||| READING 2 scrolls of teleportation.
  5489 | D:6      | Slain by an orc warrior

Levels and vault maps discovered:
D:1:      mainiacjoe_arrival_reflecting_pool, layout_loops_ring,
          basic_ecumenical_altar, hangedman_feature_mirror
D:2:      layout_basic, serial_shops, shop, uniq_sigmund
D:3:      layout_basic
D:4:      layout_loops_ring, nicolae_overflow_two_pavilions,
          ebering_ghost_inner_flame, minmay_strange_pillars, uniq_robin
D:6:      layout_rooms, fedhas_altar_2, minmay_temple_entry_wispy,
          nicolae_ossuary_entry_plus, uniq_pikel
D:7:      layout_cave_pods, amcnicky_altar_gilded,
          ebering_dispersal_statue_hall, uniq_prince_ribbit1

Skill      XL: |  1  2  3  4  5  6  7  8  9 |
---------------+----------------------------+-----
Axes           | 3 6 7 8 10 | 10.4
Shields        | 1 2 3 |  3.2
Armour         | 3 4 |  4.2
Fighting       | 3 4 5 |  5.1
Dodging        | 3 |  3.0
Throwing       | |  1.0
Spellcasting   | |  2.0
Translocations | |  2.4

Action                   |  1- 3 |  4- 6 |  7- 9 || total
-------------------------+-------+-------+-------++-------
Melee: Hand axe          |    76 |    28 |       ||   104
       Kick              |    16 |    21 |    56 ||    93
       Peck              |    10 |    11 |    32 ||    53
       Punch             |     1 |       |       ||     1
       War axe           |       |    74 |   204 ||   278
Throw: Boomerang         |     7 |     6 |    49 ||    62
  Use: Scroll            |     4 |     4 |     7 ||    15
       Potion            |     1 |       |     7 ||     8
Armor: Leather armour    |     5 |       |       ||     5
       Ring mail         |     7 |    24 |       ||    31
       Chain mail        |       |     9 |    73 ||    82
Dodge: Dodged            |    39 |    45 |    58 ||   142
Block: Buckler           |       |     1 |    28 ||    29

Table legend:
 A = Non-vault XP
 B = Vault XP
 C = Vault XP percentage of total XP
 D = Non-vault monster count
 E = Vault monster count
 F = Vault count percentage of total count
                 A         B        C        D         E       F
            +---------+---------+-------+---------+---------+-------
      Total |    1454 |    1502 |  50.8 |     115 |      42 |  26.8
            +---------+---------+-------+---------+---------+-------
        D:1 |      34 |       4 |  10.5 |      20 |       2 |   9.1
        D:2 |      51 |     214 |  80.8 |      22 |       1 |   4.3
        D:3 |     178 |       0 |   0.0 |      29 |       0 |   0.0
        D:4 |     339 |      29 |   7.9 |      24 |       8 |  25.0
        D:6 |      25 |       0 |   0.0 |       5 |       0 |   0.0
        D:7 |     827 |     264 |  24.2 |      15 |       1 |   6.2
    Ossuary |       0 |     991 | 100.0 |       0 |      30 | 100.0
            +---------+---------+-------+---------+---------+-------
